 Dungeon Crawl Stone Soup version 0.31-a0-237-g2d982f9f85 (webtiles) character file.

Game seed: 17073019112914541191

402 qw the Shooter (level 6, -5/40 HPs)
             Began as a Gargoyle Hexslinger on July 11, 2023.
             Slain by a lemure (8 damage)
             ... led by Pikel
             ... on level 4 of the Dungeon.
             The game lasted 00:01:00 (1859 turns).

qw the Shooter (Gargoyle Hexslinger)                Turns: 1859, Time: 00:01:00

Health: -5/40      AC:  8    Str: 11    XL:     6   Next: 85%
Magic:  7/7        EV: 12    Int: 14    God:
Gold:   73         SH:  0    Dex: 14    Spells: 6/7 levels left

rFire   . . .        Y - +1 shortbow (drain)
rCold   . . .        (shield currently unavailable)
rNeg    + . .        c - +0 robe {Will+}
rPois   inf          h - +0 helmet
rElec   +            (no cloak)
rCorr   .            a - +0 pair of gloves
SInv    .            (no boots)
Will    +....        (no amulet)
Stlth   +            (no ring)
HPRegen 0.26/turn    (no ring)
MPRegen 0.10/turn

%: no passive effects
@: no status effects
A: sickness immunity, AC +4, negative energy resistance 1, electricity
resistance, torment resistance 1, petrification resistance
a: no special abilities


You were on level 4 of the Dungeon.
You visited 1 branch of the dungeon, and saw 4 of its levels.

You collected 131 gold pieces.
You spent 58 gold pieces at shops.


Innate Abilities, Weirdness & Mutations

You are immune to sickness and miasma.
Your stone body is resilient. (AC +4)
You are immune to poison.
You resist negative energy. (rN+)
You are resistant to electric shocks. (rElec)
You are resistant to unholy torment.
You are immune to petrification.


   Skills:
 - Level 4.8 Fighting
 + Level 5.5 Ranged Weapons
 - Level 1.5 Dodging
 - Level 1.0 Spellcasting
 - Level 2.6 Hexes


You had 6 spell levels left.
You knew the following spells:

 Your Spells              Type           Power      Damage    Failure   Level
a - Slow                  Hex            32%        N/A       9%          1

Your spell library contained the following spells:

 Spells                   Type           Power      Damage    Failure   Level
 Inner Flame              Hex/Fire       4%         N/A       41%         3
 Portal Projectile        Hex/Tloc       8%         N/A       41%         3
 Cause Fear               Hex            4%         N/A       65%         4

Inventory:

Hand Weapons
 Y - a +1 shortbow of draining (weapon)
Armour
 a - a +0 pair of gloves (worn)
 c - a +0 robe of willpower (worn)
 g - a +0 leather armour
 h - a +0 helmet (worn)
Wands
 b - a wand of digging (2)
Potions
 e - 2 potions of haste
 f - a potion of enlightenment {unknown}
 k - a potion of might
 m - a potion of heal wounds {unknown}
 n - a potion of berserk rage {unknown}

Dungeon Overview and Level Annotations

Branches:
Dungeon (4/15)
 Temple: D:4-7

Altars:
Wu Jian
Xom

Shops:
D:3 [

Annotations:
D:4 Pikel


Message History

The lemure is lightly wounded.
The lemure completely misses you. Pikel closely misses you.
You shoot an arrow. The arrow barely misses the lemure.
The arrow closely misses the lemure.
The arrow misses the lemure.
The lemure barely misses you.
Pikel hits you with a +0 whip of flaming.
Pikel burns you.
You shoot an arrow. The arrow closely misses the lemure. x2
The lemure hits you. The lemure closely misses you.
Pikel hits you but does no damage.
You shoot an arrow. The arrow hits the lemure.
The lemure is almost dead.
Pikel hits you but does no damage. The lemure hits you.
The lemure barely misses you.
You shoot an arrow. The arrow hits the lemure.
You kill the lemure!
That felt strangely unrewarding.
The lemure hits you but does no damage.
Pikel cracks his whip.
Pikel closely misses you. The lemure barely misses you.
You shoot an arrow. The arrow completely misses Pikel.
Pikel hits you but does no damage. The lemure hits you.
The lemure hits you but does no damage. The lemure barely misses you.
You shoot an arrow. The arrow barely misses Pikel.
Pikel misses you.
The lemure hits you but does no damage. x2
The lemure hits you. The lemure completely misses you. Pikel barely misses you.
The lemure hits you. The lemure closely misses you.
You shoot an arrow.
The arrow hits Pikel but does no damage.
Pikel is lightly wounded.
The lemure closely misses you. The lemure hits you.
The lemure barely misses you.
Pikel hits you with a +0 whip of flaming.
Pikel burns you.
You shoot an arrow.
The arrow hits Pikel but does no damage.
You drain Pikel.
Pikel is lightly wounded.
Pikel misses you. The lemure hits you!
You die...

#. .. ##. ## ..
....
#####.####.#..
#.#..>..........
#.#.#.##.5......
#.#.#...@5......
#.#.....5K......
#.#........##.#.
#.+..#'###+#
#.#..#.....#
#....#.###.#
#.####.....#
#....'.._..+
######.....#


You could see Pikel (drained) and 3 lemures.

Vanquished Creatures
  Sigmund (D:3)
  A lemure (D:4)
  A scorpion (D:4)
  4 gnolls (D:3)
  6 adders
  2 worms (D:2)
  4 dart slugs
  7 orcs (D:3)
  2 ball pythons
  7 endoplasms
  3 giant cockroaches
  8 goblins
  7 hobgoblins
  7 kobolds
  A quokka (D:3)
  5 bats
  A frilled lizard (D:2)
  6 rats
73 creatures vanquished.

Notes
Turn   | Place    | Note
-------+----------+-------------------------------------------
     0 | D:1      | qw the Gargoyle Hexslinger began the quest for the Orb.
     0 | D:1      | Reached XP level 1. HP: 12/12 MP: 2/2
     0 | D:1      | 0 ||| qw: Version: 0.3-a-52-g30416fa
     0 | D:1      | 0 ||| qw: Game counter: 5814
     0 | D:1      | 0 ||| qw: Melee chars always use a shield: true
     0 | D:1      | 0 ||| qw: God list: Okawaru
     0 | D:1      | 0 ||| qw: Allow faded altars: false
     0 | D:1      | 0 ||| qw: Do Orc after clearing Dungeon:15 true
     0 | D:1      | 0 ||| qw: Do second Lair branch before Depths: true
     0 | D:1      | 0 ||| qw: Lair rune preference: random
     0 | D:1      | 0 ||| qw: Goals: Normal
     0 | D:1      | 0 ||| PLANNING D:1-11
    32 | D:1      | 32 ||| FLEEEEING.
    83 | D:1      | Reached XP level 2. HP: 16/16 MP: 3/3
   105 | D:1      | Reached skill level 3 in Ranged Weapons
   107 | D:1      | 107 ||| Stepping ~*~*~tactically~*~*~ (outnumbered).
   215 | D:1      | Reached XP level 3. HP: 21/21 MP: 4/4
   532 | D:1      | 532 ||| UPGRADING to +0 leather armour.
   542 | D:1      | 542 ||| DROPPING +0 robe.
   543 | D:1      | 543 ||| UPGRADING to +0 helmet.
   548 | D:1      | 548 ||| READING scroll labelled IMIPTO AD DEE.
   549 | D:1      | 549 ||| READING 3 scrolls labelled MOED HIRCHA.
   550 | D:1      | 550 ||| DRINKING 2 sedimented grey potions.
   551 | D:1      | 551 ||| DROPPING scroll of poison.
   552 | D:1      | 552 ||| DROPPING 2 scrolls of revelation.
   620 | D:2      | 620 ||| SWAPPING to +0 shortbow.
   621 | D:2      | 621 ||| DROPPING +1 sling.
   627 | D:2      | Found a shimmering altar of Xom.
   678 | D:2      | Reached XP level 4. HP: 26/26 MP: 5/5
   950 | D:2      | Reached skill level 4 in Ranged Weapons
   955 | D:2      | 955 ||| DROPPING +6 ring of intelligence.
   956 | D:2      | 956 ||| READING scroll labelled TUPEMINKUA.
   957 | D:2      | 957 ||| READING scroll labelled ECIACK SAPO.
   958 | D:2      | 958 ||| READING scroll labelled ACHOCOQYAB.
   959 | D:2      | 959 ||| READING scroll labelled CATOEQIB HILIU.
   964 | D:2      | 964 ||| READING 2 scrolls labelled AMAB TADOLISE.
   965 | D:2      | 965 ||| DRINKING 2 ruby potions.
   966 | D:2      | 966 ||| DROPPING scroll of immolation.
   989 | D:3      | Found Ehomni's Armour Shop.
   991 | D:3      | Found a faded altar of an unknown god.
  1002 | D:3      | 1002 ||| BUYING +0 pair of gloves (58 gold).
  1002 | D:3      | Bought a +0 pair of gloves for 58 gold pieces
  1002 | D:3      | 1002 ||| SHOPLISTING +0 ring mail (52 gold, have 35).
  1002 | D:3      | 1002 ||| SHOPLISTING +3 leather armour of cold resistance
                  | (312 gold, have 35).
  1146 | D:3      | Reached XP level 5. HP: 30/30 MP: 6/6
  1154 | D:3      | Reached skill level 5 in Ranged Weapons
  1290 | D:3      | Noticed Sigmund
  1306 | D:3      | HP: 4/31 [something (10)]
  1307 | D:3      | Killed Sigmund
  1308 | D:3      | Reached XP level 6. HP: 6/40 MP: 7/7
  1657 | D:3      | 1657 ||| UPGRADING to +0 pair of gloves.
  1662 | D:3      | 1662 ||| UPGRADING to +0 robe of willpower.
  1672 | D:3      | 1672 ||| READING scroll labelled DUSHRE WUPRO.
  1754 | D:4      | Found an ornate altar of the Wu Jian Council.
  1845 | D:4      | Noticed Pikel
  1858 | D:4      | HP: 7/40 [lemure[Pikel] (5)]
  1858 | D:4      | HP: 3/40 [Pikel/+0 whip of flaming (1)]
  1859 | D:4      | Slain by a lemure

Levels and vault maps discovered:
D:1:      wander_arrival_abandoned_jail, layout_basic
D:2:      layout_rooms, basic_altar, minmay_fractal_squares_5
D:3:      layout_rooms, serial_shops, nicolae_shop_stone,
          ebering_ecumenical_altar_abandoned, hangedman_decor_clover_reticule,
          uniq_sigmund
D:4:      layout_basic, mainiacjoe_overflow_brackets, kennysheep_slug_shrine,
          nicolae_dithmenos_shadow_blocks, mainiacjoe_overflow_six_doors_small,
          fedhas_altar_3, uniq_pikel, uniq_edmund

Skill      XL: |  1  2  3  4  5 |
---------------+----------------+-----
Ranged Weapons | 3 4 5 |  5.5
Fighting       | 2 4 |  4.8
Dodging        | |  1.5
Spellcasting   | |  1.0
Hexes          | |  2.6

Action                     |  1- 3 |  4- 6 || total
---------------------------+-------+-------++-------
   Fire: Sling             |    95 |       ||    95
         Shortbow          |    15 |   117 ||   132
    Use: Scroll            |     2 |     6 ||     8
         Potion            |     1 |     1 ||     2
 Armour: Robe              |    14 |    11 ||    25
         Leather armour    |     3 |    21 ||    24
  Dodge: Dodged            |    18 |    49 ||    67

Table legend:
 A = Non-vault XP
 B = Vault XP
 C = Vault XP percentage of total XP
 D = Non-vault monster count
 E = Vault monster count
 F = Vault count percentage of total count
                 A         B        C        D         E       F
            +---------+---------+-------+---------+---------+-------
      Total |     339 |     236 |  41.0 |      66 |       6 |   8.3
            +---------+---------+-------+---------+---------+-------
        D:1 |      49 |       0 |   0.0 |      25 |       0 |   0.0
        D:2 |      33 |      10 |  23.3 |      12 |       5 |  29.4
        D:3 |     168 |     226 |  57.4 |      27 |       1 |   3.6
        D:4 |      89 |       0 |   0.0 |       2 |       0 |   0.0
            +---------+---------+-------+---------+---------+-------
